cohdb
Replays
Latest Replays
All Replays
Popular Replays
Top Player Replays
Match Explorer
How It Works
Community
CoH3 Stats
Reddit
Sign in to upload your games and track your stats! →
Sign in with Steam
Match 45120860
Unlisted
Match 45120860
Overview
Messages
Build Orders
End
Kradschützen Motorcycle Team
Selects Panzerjäger Kommand Battlegroup
Panzergrenadier Squad
Panzergrenadier Squad
Construct Light Support Kompanie
Panzerjäger Squad
2.5-tonne Medical Truck
Selects Tank Busters
Construct Mechanized Kompanie
Panzerjäger Mechanized Group
8 Rad Armored Car
Vehicle Survival Package
Construct Panzerarmee Kommand
Walking Stuka Rocket Launcher
Selects Crew Shock Tactics
Selects Mine Fields
Walking Stuka Rocket Launcher
Veteran Squad Leaders
Crew Shock Tactics
Panzerjäger Squad
Emergency Repair Kits
Tungsten Core Ammunition
Selects Elefant Tank Destroyer
Elefant Tank Destroyer
2.5-tonne Medical Truck
Armored Reserves
Panzer IV Assault Group
Batata
MOJO
冲锋大哥
̶H̶e̶c̶t̶o̶r̶
Pie-Eater
Ares
RedLeaderToBase
PaNiC
0
0
Comments
sign in to comment!
No comments posted yet!